 Dungeon Crawl Stone Soup version 0.26-a0-362-g1d9a9cd4fa (webtiles) character file.

Game seed: 14036342351371484595

64 MrRokkomies the Skirmisher (level 3, -1/34 HPs)
             Began as a Demigod Wanderer on July 18, 2020.
             Slain by an orc
             ... wielding a +0 hand axe of freezing
              (6 damage)
             ... on level 2 of the Dungeon.
             The game lasted 00:03:50 (1722 turns).

MrRokkomies the Skirmisher (Demigod Wanderer)       Turns: 1722, Time: 00:03:50

Health: -1/34      AC:  2    Str: 14    XL:     3   Next: 64%
Magic:  5/5        EV: 13    Int: 17    God:
Gold:   83         SH:  0    Dex: 17    Spells: 2/2 levels left

rFire    . . .     SeeInvis .   i - -1 mace (curse)
rCold    . . .     Faith    .   (no shield)
rNeg     . . .     Spirit   .   e - +0 robe
rPois    .         Reflect  .   (no helmet)
rElec    .         Harm     .   (no cloak)
rCorr    .                      (no gloves)
MR       .....                  (no boots)
Stlth    ++........             (no amulet)
HPRegen  0.11/turn              (no ring)
MPRegen  0.09/turn              (no ring)

@: no status effects
A: high mp 1
a: no special abilities


You were on level 2 of the Dungeon.
You visited 1 branch of the dungeon, and saw 2 of its levels.

You collected 83 gold pieces.

Inventory:

Hand Weapons
 a - a +2 dagger
 d - a +2 dagger of venom
 i - a cursed -1 mace (weapon)
Missiles
 b - a curare-tipped dart
 h - 57 stones (quivered)
Armour
 e - a +0 robe (worn)
Scrolls
 c - a scroll of teleportation
 j - a scroll of enchant armour {unknown}


   Skills:
 * Level 4.3 Fighting
 - Level 1.0 Maces & Flails
 - Level 1.0 Throwing
 * Level 3.0 Dodging
 - Level 1.0 Stealth
   Level 1.0 Evocations


You had 2 spell levels left.
You didn't know any spells.
Your spell library was empty.

Dungeon Overview and Level Annotations

Branches:
Dungeon (2/15)


Innate Abilities, Weirdness & Mutations

You have an increased reservoir of magic. (+10% MP)


Message History

You closely miss the frilled lizard. The frilled lizard closely misses you.
The frilled lizard misses you.
You miss the frilled lizard.
The frilled lizard completely misses you.
You sock the frilled lizard!
You kill the frilled lizard!
h - 55 stones (gained 2)
h - 57 stones (gained 2)
You see here a rat corpse.
An orc comes into view.
It is wielding a +0 hand axe of freezing.
You see here 3 stones.
You see here a stone.
You see here 5 boomerangs.
The orc shouts!
The orc hits you with a +0 hand axe of freezing.
* * * LOW HITPOINT WARNING * * *
The orc freezes you.
* * * LOW HITPOINT WARNING * * *
The orc hits you with a +0 hand axe of freezing.
You die...

#... #..# ..8.#.# #...
##..# #.8.#.###...
#####...###...... #...
.........##....# #...
......##....# #...
###...# (.... #...
#...o.####.#######...
#@..(((.†..)†.....
...........##.##.#......
#..#####.####.##.).##.#.
#.# #.$....##.#. #.#
####.####.#. #.# #.#
#.#. #.. #.# ..# ### ..#
## .##


You could see an orc.

Vanquished Creatures
  2 adders (D:2)
  2 leopard geckos (D:1)
  2 orcs (D:2)
  3 bats (D:1)
  A giant cockroach (D:2)
  3 goblins (D:2)
  9 hobgoblins
  5 jackals (D:1)
  A quokka (D:2)
  A ball python (D:1)
  A frilled lizard (D:2)
  4 kobolds
  5 rats
39 creatures vanquished.

Notes
Turn   | Place    | Note
-------+----------+-------------------------------------------
     0 | D:1      | MrRokkomies the Demigod Wanderer began the quest for the
                  | Orb.
     0 | D:1      | MrRokkomies set off with the following items: a +2 dagger,
                  | a curare-tipped dart, a +0 hand axe, a potion of
                  | lignification, a +0 robe
     0 | D:1      | Reached XP level 1. HP: 19/19 MP: 3/3
   169 | D:1      | Reached XP level 2. HP: 21/27 MP: 4/4
   463 | D:1      | Reached skill level 4 in Fighting
  1480 | D:2      | Found a hide-covered altar of Uskayaw.
  1530 | D:2      | Reached XP level 3. HP: 11/33 MP: 5/5
  1722 | D:2      | Slain by an orc

Illustrated notes

Levels and vault maps discovered:
D:1:      elethiomel_arrival_quiet, layout_basic
D:2:      layout_rooms, nicolae_qazlal_style_of_elements,
          nicolae_overflow_crystal_walls, lemuel_doored_altar,
          nicolae_overflow_hidden_temple, guppyfry_early_orc_mine

Skill      XL: |  1  2  3 |
---------------+----------+-----
Dodging        | 2 3 |  3.0
Fighting       | 4 |  4.3
Maces & Flails | |  1.0
Throwing       | |  1.0
Stealth        | |  1.0
Evocations     | |  1.0

Action                   || total
-------------------------++-------
Melee: Dagger            ||    76
       Mace              ||    77
Throw: Stone             ||    10
  Use: Scroll            ||     2
       Potion            ||     4
 Stab: Sleeping          ||     3
Armor: Robe              ||    23
       Skin              ||     8
Dodge: Dodged            ||   125

Table legend:
 A = Non-vault XP
 B = Vault XP
 C = Vault XP percentage of total XP
 D = Non-vault monster count
 E = Vault monster count
 F = Vault count percentage of total count
                 A         B        C        D         E       F
            +---------+---------+-------+---------+---------+-------
      Total |      78 |      14 |  15.2 |      33 |       6 |  15.4
            +---------+---------+-------+---------+---------+-------
        D:1 |      39 |       0 |   0.0 |      22 |       0 |   0.0
        D:2 |      39 |      14 |  26.4 |      11 |       6 |  35.3
            +---------+---------+-------+---------+---------+-------
